 Dungeon Crawl Stone Soup version 0.20-a0-830-g2c9a30d (webtiles) character file.

21739 M4edhros the Unseen (level 12, 0/87 HPs)
             Began as an Octopode Artificer on Mar 7, 2017.
             Was an Initiate of Gozag.
             Slain by an eight-headed hydra (9 damage)
             ... on level 3 of the Lair of Beasts.
             The game lasted 00:43:22 (32369 turns).

M4edhros the Unseen (Octopode Artificer)           Turns: 32369, Time: 00:43:22

Health: 0/87       AC:  8    Str: 10    XL:     12   Next: 93%
Magic:  27/27      EV: 19    Int: 22    God:    Gozag
Gold:   951        SH: 12    Dex: 18    Spells: 11/11 levels left

rFire    . . .     SeeInvis .   p - +9 hunting sling of Due Proportion {venom, Str+2 Int+6}
rCold    + + .     Gourm    .   S - +2 shield {AC+3}
rNeg     . . .     Faith    .   (helmet restricted)
rPois    .         Spirit   .   m - amulet "Raopnod" {rElec rC++ Regen+ Str-5 Dex+2}
rElec    +         Reflect  .   y - ring of magical power
rCorr    .         Harm     .   (no ring)
MR       .....                  b - +3 ring of intelligence
Stlth    +++++++++.             Z - ring of stealth
Regen    1.1/turn               (no ring)
MPRegen  0.2/turn               (no ring)
                                (no ring)
                                (no ring)

@: lethally poisoned (0 -> 0), about to teleport, gold aura
A: almost no armour, stealthy swim, amphibious, 8 rings, constrict 8, tentacle
spike 1, icy blue scales 1, thin metallic scales 1, camouflage 1, blink, high mp
1, regeneration 1, gelatinous body 1
a: Blink, Potion Petition, Call Merchant, Bribe Branch, Renounce Religion


You were on level 3 of the Lair of Beasts.
You worshipped Gozag.
Gozag was pleased with you.
You were not hungry.

You visited 3 branches of the dungeon, and saw 16 of its levels.
You also visited: Labyrinth.

You collected 3946 gold pieces.
You spent 556 gold pieces at shops.
You paid 2439 gold pieces to Gozag.

Inventory:

Hand Weapons
 p - the +9 hunting sling of Due Proportion (weapon) {venom, Str+2 Int+6}
   (You took it off a minotaur in a labyrinth)

   It poisons the ammo it fires.
   It affects your strength (+2).
   It affects your intelligence (+6).
 F - a +1 dagger of electrocution
 W - a +1 trident of protection
 X - a +0 hunting sling of freezing
Missiles
 g - 274 stones (quivered)
 s - 62 sling bullets
 v - 20 bolts
 z - 7 needles of sleeping
Armour
 S - a +2 shield of protection (worn)
Jewellery
 b - a +3 ring of intelligence (on tentacle)
 m - the amulet "Raopnod" (around mantle) {rElec rC++ Regen+ Str-5 Dex+2}
   (You found it on level 4 of the Dungeon)

   [amulet of regeneration]

   It affects your strength (-5).
   It affects your dexterity (+2).
   It greatly protects you from cold.
   It insulates you from electricity.
   It increases your rate of regeneration.
 y - a ring of magical power (left tentacle)
 Z - a ring of stealth (on tentacle)
Wands
 a - a wand of flame (30/48)
 c - a wand of iceblast (8/15)
 d - a wand of random effects (2/48)
 e - a wand of disintegration (0/24)
 A - a wand of paralysis (10/24)
 E - a wand of flame (9/48)
 I - a wand of digging (12/24)
 R - a wand of iceblast (9/15)
 T - a wand of confusion (19/48)
 U - a wand of iceblast (7/15)
Scrolls
 i - a scroll of magic mapping
 n - a scroll of blinking {unknown}
 o - 6 scrolls of immolation {unknown}
 w - 3 scrolls of enchant weapon
 x - 2 scrolls of amnesia {unknown}
 B - a scroll of recharging
 C - a scroll of acquirement {unknown}
 J - 3 scrolls of remove curse
 M - 2 scrolls of summoning
 N - a scroll of teleportation
 Q - 3 scrolls of vulnerability {unknown}
Potions
 k - 3 potions of curing
 q - 2 potions of agility {unknown}
 u - 2 potions of flight {unknown}
 D - 2 potions of cancellation
 K - 3 potions of berserk rage {unknown}
 L - a potion of ambrosia {unknown}
 Y - a potion of mutation {unknown}
Books
 h - a book of Changes

   Spells                             Type                      Level
   a - Beastly Appendage              Transmutation                1
   b - Sticks to Snakes               Transmutation                2
   c - Spider Form                    Transmutation/Poison         3
   d - Ice Form                       Ice/Transmutation            4
   e - Blade Hands                    Transmutation                5
 l - Xom's Papyrus of the Neverending Tables
   (Xom gifted it to you in the Ecumenical Temple)

   Spells                             Type                      Level
   a - Passwall                       Transmutation/Earth          2
   b - Leda's Liquefaction            Hexes/Earth                  4
   c - Bolt of Magma                  Conjuration/Fire/Earth       5
   d - Metabolic Englaciation         Hexes/Ice                    5
   e - Ozocubu's Refrigeration        Ice                          6
 r - a book of Fire

   Spells                             Type                      Level
   a - Ignite Poison                  Fire/Transmutation/Poison    3
   b - Fireball                       Conjuration/Fire             5
   c - Bolt of Fire                   Conjuration/Fire             6
   d - Ring of Flames                 Charms/Fire                  7
   e - Ignition                       Fire                         8
 t - a book of Cantrips

   Spells                             Type                      Level
   a - Confusing Touch                Hexes                        1
   b - Animate Skeleton               Necromancy                   1
   c - Summon Small Mammal            Summoning                    1
   d - Apportation                    Translocation                1
 P - a book of Frost

   Spells                             Type                      Level
   a - Freeze                         Ice                          1
   b - Throw Frost                    Conjuration/Ice              2
   c - Ozocubu's Armour               Charms/Ice                   3
   d - Throw Icicle                   Conjuration/Ice              4
   e - Summon Ice Beast               Ice/Summoning                4
 V - a book of Debilitation

   Spells                             Type                      Level
   a - Corona                         Hexes                        1
   b - Slow                           Hexes                        2
   c - Inner Flame                    Hexes/Fire                   3
   d - Portal Projectile              Hexes/Translocation          3
   e - Cause Fear                     Hexes                        4
   f - Leda's Liquefaction            Hexes/Earth                  4
Miscellaneous
 H - a lightning rod (1/4)
Comestibles
 j - 4 fruits
 G - 2 bread rations
 O - 7 royal jellies


   Skills:
 - Level 10.0 Fighting
 - Level 1.0 Short Blades
 * Level 5.2 Slings
 - Level 10.0 Dodging
 - Level 16.9 Stealth
 * Level 6.0 Shields
 - Level 6.7 Evocations


You had 11 spell levels left.
You didn't know any spells.

Dungeon Overview and Level Annotations

Branches:
Dungeon (12/15)            Temple (1/1) D:6            Lair (3/6) D:11
  Swamp (0/4) Lair:2        Snake (0/4) Lair:3          Orc (0/2) D:9

Altars:
Ashenzari
Cheibriados
Dithmenos
Elyvilon
Fedhas
Gozag
Hepliaklqana
Kikubaaqudgha
Makhleb
Nemelex Xobeh
Okawaru
Qazlal
Ru
Sif Muna
Trog
Uskayaw
Vehumet
Wu Jian
Xom
Yredelemnul
Zin
The Shining One
Jiyva

Shops:
D:6 =   D:9 ?:*=(   D:12 [   Temple [

Annotations:
D:6 mora's ghost, novice TrMo


Innate Abilities, Weirdness & Mutations

You cannot wear most types of armour.
You are very stealthy in the water. (Stealth+)
You are amphibious.
You can wear up to eight rings at the same time.
You can use your tentacles to constrict eight enemies at once.
Your skin changes colour to match your surroundings (Stealth+).
Your rubbery body absorbs attacks. (AC +1, EV +1)
One of your tentacles bears a spike.
You are partially covered in icy blue scales. (AC +2)
You are partially covered in thin metallic scales. (AC +2)
You can translocate small distances at will.
You have an increased reservoir of magic. (+10% MP)
Your natural rate of healing is unusually fast.


Message History

A naga comes into view. It is wielding a scimitar.
Okay, then.
Okay, then.
As you read the scroll of teleportation, it crumbles to dust.
You feel strangely unstable. The naga spits poison at you.
The splash of poison hits you!
You are poisoned.
You feel much better.
You feel sick.
The eight-headed hydra closely misses you.
You block the eight-headed hydra's attack.
The eight-headed hydra bites you!
* * * LOW HITPOINT WARNING * * *
You block the eight-headed hydra's attack.
The eight-headed hydra bites you!
* * * LOW HITPOINT WARNING * * *
The eight-headed hydra closely misses you.
The eight-headed hydra bites you!
You die...
Your body crumbles into a pile of gold.

..≈≈≈≈≈≈≈......
≈≈≈≈P..≈≈≈.....
≈≈≈.....≈≈≈....
≈≈P......≈≈....
#≈≈.≈.>..N≈≈....
#.##≈≈.≈.(...≈≈....
..#.≈≈≈.(..≈≈≈≈≈#
#....≈≈≈≈≈D@≈≈.#
##....≈≈(≈≈h≈≈.P#
#.......$≈≈≈≈≈###
#.. #PP....≈#≈
#...#[..P.#.#≈#
#.......#..####
#..........#
##...#.....##
#P.........#


You could see an eight-headed hydra, a polar bear and a naga.

Vanquished Creatures
  A minotaur (Lab)
  A centaur warrior (D:10)
  2 two-headed ogres
  2 death yaks (D:11)
  The ghost of M4edhros the Covert, a novice OpAr of Ru (D:10)
  The ghost of mora the Grappler, a novice TrMo (D:4)
  An unseen horror (D:11)
  A wolf spider zombie (D:11)
  A manticore (D:12)
  A black mamba (Lair:2)
  Psyche (D:9)
  2 gargoyles
  2 spiny frogs
  A rime drake (Lair:2)
  3 komodo dragons
  3 blink frogs (Lair:2)
  2 hippogriffs
  A hornet (D:11)
  Sigmund (D:2)
  4 water elementals (D:11)
  2 wyverns
  Eustachio (D:5)
  A shadow (D:11)
  14 yaks
  A basilisk (Lair:1)
  2 swamp worms (Lair:2)
  A naga (Lair:3)
  A soldier ant (D:11)
  4 water moccasins
  3 porcupines
  2 ice beasts
  9 necrophages
  7 orc warriors
  A phantom (D:6)
  A sky beast (D:9)
  An eye of draining (D:11)
  8 ogres
  8 centaurs
  A crocodile (Lair:2)
  2 big kobolds
  7 bullfrogs
  A wyvern zombie (D:9)
  2 scorpions
  A water moccasin skeleton (D:4)
  11 killer bees
  7 wights
  2 howler monkeys
  An electric eel (Lair:2)
  A bullfrog zombie (D:6)
  3 centaur zombies
  3 crimson imps
  A quasit (D:9)
  5 jellies
  5 hounds
  4 orc priests
  14 orc wizards
  A centaur skeleton (D:8)
  Jessica (D:5)
  3 iguanas
  Terence (D:2)
  7 worker ants
  A hound zombie (D:9)
  A worker ant zombie (D:8)
  5 gnolls
  10 adders
  A river rat (D:11)
  A shadow imp (D:12)
  6 oozes
  3 adder zombies
  An adder skeleton (D:4)
  A worm (D:3)
  4 dart slugs (D:1)
  4 leopard geckos
  34 orcs
  4 giant cockroaches
  6 goblins
  13 hobgoblins
  6 jackals
  4 quokkas
  A ball python (D:5)
  5 bats
  5 frilled lizards
  17 kobolds
  A leopard gecko skeleton (D:6)
  A quokka skeleton (D:6)
  8 rats
326 creatures vanquished.

Vanquished Creatures (collateral kills)
  A scorpion (D:4)
  3 quokkas
4 creatures vanquished.

Vanquished Creatures (others)
  An ogre (D:4)
  A bullfrog (D:6)
  An orc wizard (D:3)
  4 fungi (Lair:1)
7 creatures vanquished.

Grand Total: 337 creatures vanquished

Notes
Turn   | Place    | Note
-------+----------+-------------------------------------------
     0 | D:1      | M4edhros the Octopode Artificer began the quest for the Orb.
     0 | D:1      | Reached XP level 1. HP: 13/13 MP: 3/3
    10 | D:1      | Reached skill level 2 in Stealth
    43 | D:1      | Reached XP level 2. HP: 7/18 MP: 4/4
   135 | D:1      | Reached skill level 3 in Stealth
   658 | D:2      | Found an iron altar of Okawaru.
   708 | D:2      | Reached skill level 4 in Stealth
   737 | D:2      | Noticed Terence
   744 | D:2      | Killed Terence
   744 | D:2      | Reached skill level 5 in Stealth
   744 | D:2      | Reached XP level 3. HP: 15/23 MP: 5/5
  1141 | D:4      | Reached XP level 4. HP: 13/28 MP: 6/6
  1258 | D:4      | Found an ornate altar of the Wu Jian Council.
  1273 | D:4      | Reached skill level 6 in Stealth
  1273 | D:4      | Reached XP level 5. HP: 25/33 MP: 7/7
  1344 | D:4      | Got a vibrating platinum amulet
  1360 | D:4      | Reached skill level 7 in Stealth
  1394 | D:4      | Got an ancient hand crossbow
  1395 | D:4      | Identified the cursed +2 hand crossbow "Demonslayer" {freeze, rF+ Str+2 SInv} (You found it on level 4 of the Dungeon)
  1468 | D:2      | Identified the amulet "Raopnod" {rElec rC++ Regen+ Str-5 Dex+2} (You found it on level 4 of the Dungeon)
  1726 | D:2      | Found a shattered altar of Ashenzari.
  1832 | D:2      | Noticed Sigmund
  1839 | D:2      | Killed Sigmund
  1839 | D:2      | Reached skill level 9 in Stealth
  1839 | D:2      | Reached XP level 6. HP: 7/38 MP: 8/8
  1980 | D:2      | Found a sparkling altar of Nemelex Xobeh.
  2730 | D:3      | Found a radiant altar of Vehumet.
  3451 | D:4      | Noticed mora's ghost (novice TrMo)
  3494 | D:5      | Entered Level 5 of the Dungeon
  3517 | D:6      | Noticed a sky beast
  3517 | D:6      | Noticed mora's ghost (novice TrMo)
  3629 | D:5      | Reached skill level 10 in Stealth
  3629 | D:5      | Reached XP level 7. HP: 5/43 MP: 9/9
  3896 | D:6      | Found a snail-covered altar of Cheibriados.
  4107 | D:6      | Reached skill level 11 in Stealth
  4120 | D:6      | Found a staircase to the Ecumenical Temple.
  4126 | Temple   | Entered the Ecumenical Temple
  4253 | Temple   | Became a worshipper of Xom the Elder Chaos God
  4512 | Temple   | XOM: silly message
  4559 | Temple   | XOM: silly message
  4797 | Temple   | XOM: divination: detect items
  4979 | Temple   | XOM: give mutations
  4979 | Temple   | Gained mutation: You are agile. (Dex +2) [Xom's grace]
  4979 | Temple   | Gained mutation: Your spells are a little harder to cast, but a little more powerful. [Xom's grace]
  4979 | Temple   | Gained mutation: You possess an exceptional clarity of mind. [Xom's grace]
  4979 | Temple   | Gained mutation: Your muscles are strong. (Str +2) [Xom's grace]
  5511 | Temple   | XOM: give mutations
  5511 | Temple   | Gained mutation: You are frail. (-10% HP) [Xom's mischief]
  5511 | Temple   | Lost mutation: Your spells are a little harder to cast, but a little more powerful. [Xom's mischief]
  5511 | Temple   | Lost mutation: Your muscles are strong. (Str +2) [Xom's mischief]
  5511 | Temple   | Gained mutation: You are very frail. (-20% HP) [Xom's mischief]
  5647 | Temple   | XOM: mild Pois miscast
  6418 | Temple   | XOM: harmless Pois miscast
  6556 | Temple   | Identified Xom's Papyrus of the Neverending Tables (Xom gifted it to you in the Ecumenical Temple)
  6556 | Temple   | XOM: god gift: Xom's Papyrus of the Neverending Tables
  6566 | Temple   | XOM: scenery: 1 doors close
  6575 | Temple   | XOM: god gift: brass ring {god gift}
  6698 | Temple   | XOM is BORED!
  6698 | Temple   | XOM: stat loss: -3 Int (10/13)
  6705 | Temple   | XOM: give mutations
  6705 | Temple   | Gained mutation: Your muscles are strong. (Str +2) [Xom's grace]
  6705 | Temple   | Gained mutation: Your mind is acute. (Int +2) [Xom's grace]
  6705 | Temple   | Lost mutation: You are very frail. (-20% HP) [Xom's grace]
  6705 | Temple   | Gained mutation: You can translocate small distances at will. [Xom's grace]
  6904 | Temple   | XOM: give mutations
  6904 | Temple   | Gained mutation: Your flesh is heat resistant. (rF+) [Xom's grace]
  6904 | Temple   | Gained mutation: Your natural rate of healing is unusually fast. [Xom's grace]
  7205 | Temple   | XOM: give mutation
  7205 | Temple   | Gained mutation: Your system is resistant to poisons. (rPois) [Xom's grace]
  7235 | Temple   | XOM: god gift: 590 gold pieces
  7502 | Temple   | XOM: summons 3 hostile demons
  8411 | Temple   | XOM: god gift: puce potion {god gift}
  8681 | Temple   | XOM: mild Hex miscast
  8699 | Temple   | XOM: scenery: 1 doors open, 3 doors close
  8775 | Temple   | XOM: god gift: paperback book {god gift}
  9324 | Temple   | XOM: scenery: 3 doors open, 1 doors close
  9585 | Temple   | XOM: god gift: 7 needles of sleeping
 10263 | Temple   | XOM: medium Fire miscast
 10336 | Temple   | XOM: give mutations
 10336 | Temple   | Lost mutation: Your muscles are strong. (Str +2) [Xom's mischief]
 10350 | Temple   | XOM: mild Necr miscast
 10679 | Temple   | XOM: god gift: 8 royal jellies
 10955 | Temple   | XOM is BORED!
 10955 | Temple   | XOM: mild Erth miscast
 11089 | Temple   | XOM: scenery: 1 doors open, 3 doors close
 11349 | Temple   | XOM: god gift: 650 gold pieces
 11755 | Temple   | XOM: give mutations
 11755 | Temple   | Gained mutation: You are partially covered in icy blue scales. (AC +2) [Xom's grace]
 11755 | Temple   | Gained mutation: Your spells are a little harder to cast, but a little more powerful. [Xom's grace]
 11755 | Temple   | Gained mutation: Your spells are harder to cast, but more powerful. [Xom's grace]
 11804 | Temple   | XOM: give mutations
 11804 | Temple   | Gained mutation: One of your tentacles bears a spike. [Xom's grace]
 11804 | Temple   | Gained mutation: Your spells are much harder to cast, but much more powerful. [Xom's grace]
 11804 | Temple   | Gained mutation: One of your tentacles bears a nasty spike. [Xom's grace]
 11804 | Temple   | Gained mutation: Your muscles are strong. (Str +2) [Xom's grace]
 12633 | Temple   | XOM is BORED!
 12633 | Temple   | XOM: give mutations
 12633 | Temple   | Lost mutation: One of your tentacles bears a nasty spike. [Xom's mischief]
 12633 | Temple   | Lost mutation: Your mind is acute. (Int +2) [Xom's mischief]
 12633 | Temple   | Lost mutation: You are frail. (-10% HP) [Xom's mischief]
 14090 | Temple   | XOM: scenery: 3 doors open, 1 doors close
 14444 | Temple   | XOM: harmless Erth miscast
 14933 | Temple   | XOM: medium Chrm miscast
 14935 | Temple   | XOM: give mutations
 14935 | Temple   | Gained mutation: One of your tentacles bears a nasty spike. [Xom's mischief]
 14935 | Temple   | Lost mutation: One of your tentacles bears a nasty spike. [Xom's mischief]
 14935 | Temple   | Lost mutation: You are agile. (Dex +2) [Xom's mischief]
 15173 | Temple   | XOM: harmless Fire miscast
 15767 | Temple   | XOM is BORED!
 15837 | Temple   | XOM: god gift: scale mail {god gift}
 16292 | Temple   | XOM: mild Necr miscast
 16853 | Temple   | XOM: harmless Summ miscast
 18427 | Temple   | XOM: scenery: 1 doors open, 3 doors close
 18843 | Temple   | XOM: divination: detect creatures
 19327 | Temple   | XOM: give mutations
 19327 | Temple   | Gained mutation: You have a pair of small antennae on your head. [Xom's grace]
 19327 | Temple   | Gained mutation: One of your tentacles bears a nasty spike. [Xom's grace]
 19327 | Temple   | Gained mutation: Your mind is acute. (Int +2) [Xom's grace]
 19327 | Temple   | Gained mutation: Your muscles are very strong. (Str +4) [Xom's grace]
 19529 | Temple   | XOM: summons 3 hostile demons
 19565 | D:6      | XOM: swap monsters
 20396 | Temple   | XOM: scenery: 3 doors open, 1 doors close
 20410 | Temple   | XOM: give mutations
 20410 | Temple   | Gained mutation: You are partially covered in thin metallic scales. (AC +2) [Xom's grace]
 20410 | Temple   | Gained mutation: One of your tentacles bears a large vicious spike. [Xom's grace]
 20410 | Temple   | Gained mutation: You have an increased reservoir of magic. (+10% MP) [Xom's grace]
 20420 | Temple   | Fell from the grace of Xom
 20420 | Temple   | Became a worshipper of Gozag Ym Sagoz the Greedy
 20808 | D:5      | Reached skill level 12 in Stealth
 20808 | D:5      | Reached XP level 8. HP: 33/47 MP: 11/11
 20962 | D:5      | Reached skill level 13 in Stealth
 21011 | D:5      | Noticed Eustachio
 21018 | D:5      | Killed Eustachio
 21131 | D:5      | XOM: summons 7 hostile demons
 21132 | D:5      | Noticed a sixfirhy
 21135 | D:5      | Found a deep blue altar of Sif Muna.
 21135 | D:5      | Noticed Jessica
 21142 | D:5      | Killed Jessica
 21415 | D:6      | Noticed a two-headed ogre
 21546 | D:6      | Reached skill level 14 in Stealth
 21562 | D:6      | Found a shadowy altar of Dithmenos.
 21618 | D:6      | Found a basalt altar of Yredelemnul.
 21619 | D:6      | Found a shadowy altar of Dithmenos.
 21670 | D:6      | Killed a two-headed ogre
 21670 | D:6      | Reached XP level 9. HP: 57/57 MP: 12/12
 21733 | D:6      | XOM: scenery: 1 doors close
 21878 | D:6      | XOM: medium Hex miscast
 21928 | D:7      | Found a hazy altar of Hepliaklqana.
 21989 | D:7      | Reached skill level 5 in Dodging
 22133 | D:7      | XOM: 3-stop teleportation journey
 22274 | D:7      | You fall through a shaft for 3 floors!
 22274 | D:10     | XOM: noise
 22274 | D:10     | Entered Level 10 of the Dungeon
 22568 | D:10     | Reached skill level 5 in Fighting
 22568 | D:10     | Reached skill level 15 in Stealth
 22678 | D:9      | Found a sacrificial altar of Ru.
 22754 | D:9      | Found Caemot's Antique Weapon Shop.
 22801 | D:9      | Bought a brightly glowing scimitar for 234 gold pieces
 22801 | D:9      | Identified the cursed +1 scimitar of the Eleven Emperors {freeze, Str-3 Int+5 Dex+6} (You bought it in a shop on level 9 of the Dungeon)
 22836 | D:9      | Found a shattered altar of Ashenzari.
 22838 | D:9      | Found an iron altar of Okawaru.
 22838 | D:9      | Found a shimmering altar of Xom.
 22840 | D:9      | Found a basalt altar of Yredelemnul.
 22840 | D:9      | Found a sparkling altar of Nemelex Xobeh.
 22840 | D:9      | Found a radiant altar of Vehumet.
 22956 | D:9      | Found a white marble altar of Elyvilon.
 22968 | D:9      | Reached XP level 10. HP: 65/65 MP: 13/13
 22973 | D:9      | XOM: medium Conj miscast
 23023 | D:9      | Found Xaseyfroy's General Store.
 23024 | D:9      | Found Viumi's Book Emporium.
 23086 | D:9      | XOM: give mutations
 23086 | D:9      | Lost mutation: One of your tentacles bears a large vicious spike. [Xom's mischief]
 23086 | D:9      | Lost mutation: Your flesh is heat resistant. (rF+) [Xom's mischief]
 23106 | D:9      | Found Fyneq's Magic Scroll Shop.
 23157 | D:9      | Bought a scroll of teleportation for 42 gold pieces
 23216 | D:9      | Found Puqesiot's Jewellery Emporium.
 23223 | D:9      | Noticed Psyche
 23226 | D:9      | Killed Psyche
 23550 | D:9      | Reached skill level 16 in Stealth
 23662 | D:9      | Found a staircase to the Orcish Mines.
 23883 | D:8      | Found a stormy altar of Qazlal.
 24041 | D:8      | XOM: medium Fire miscast
 24063 | D:8      | XOM: give mutations
 24063 | D:8      | Lost mutation: Your spells are much harder to cast, but much more powerful. [Xom's mischief]
 24267 | D:8      | XOM: mild Summ miscast
 24410 | D:8      | XOM: summons 9 hostile demons
 24411 | D:8      | Noticed an orange demon
 24411 | D:8      | Noticed a sixfirhy
 25108 | D:10     | Reached XP level 11. HP: 67/74 MP: 14/14
 25266 | D:10     | Found a viscous altar of Jiyva.
 25352 | D:10     | Noticed M4edhros's ghost (novice OpAr)
 25369 | D:10     | Killed M4edhros's ghost
 25668 | D:10     | Noticed a centaur warrior
 25752 | D:10     | Killed a centaur warrior
 25929 | D:10     | XOM: give mutations
 25929 | D:10     | Lost mutation: Your system is resistant to poisons. (rPois) [Xom's mischief]
 25929 | D:10     | Lost mutation: You possess an exceptional clarity of mind. [Xom's mischief]
 25929 | D:10     | Lost mutation: Your spells are harder to cast, but more powerful. [Xom's mischief]
 25929 | D:10     | Lost mutation: Your muscles are very strong. (Str +4) [Xom's mischief]
 26195 | D:11     | Noticed a death yak
 26197 | D:11     | Noticed a death yak
 26200 | D:11     | Noticed a death yak
 26414 | D:11     | Killed an unseen horror
 26414 | D:11     | Reached skill level 5 in Evocations
 26485 | D:11     | Noticed a two-headed ogre
 26579 | D:11     | Killed a two-headed ogre
 26664 | D:11     | Found a staircase to the Lair.
 26761 | D:11     | Killed a death yak
 26780 | D:11     | Killed a death yak
 26780 | D:11     | Reached XP level 12. HP: 42/86 MP: 18/18
 26798 | D:11     | Noticed an azure jelly
 26798 | D:11     | a death yak changed into an azure jelly
 26798 | D:11     | XOM: polymorph death yak -> azure jelly
 27109 | D:11     | XOM: noise
 27230 | D:11     | XOM: medium Ice miscast
 27348 | D:12     | Bought a +1 shield of protection for 280 gold pieces
 27411 | D:11     | Reached skill level 1 in Shields
 27579 | Lair:1   | Entered Level 1 of the Lair of Beasts
 27596 | Lair:1   | XOM: summons 6 hostile demons
 27597 | Lair:1   | Noticed a soul eater
 27700 | Lair:1   | Found a labyrinth entrance.
 27708 | Lab      | Entered a labyrinth
 27750 | Lab      | XOM: god gift: 16 stones
 29012 | Lab      | Noticed a minotaur
 29019 | Lab      | Killed a minotaur
 29022 | Lab      | Got an uncursed transparent hunting sling {venom}
 29023 | Lab      | Identified the +9 hunting sling of Due Proportion {venom, Str+2 Int+6} (You took it off a minotaur in a labyrinth)
 29205 | D:11     | Reached skill level 10 in Dodging
 29804 | D:4      | XOM: torment (45/87 hp)
 29900 | D:4      | Killed mora's ghost
 29900 | D:4      | Reached skill level 10 in Fighting
 29900 | D:4      | Reached skill level 1 in Slings
 30075 | D:4      | XOM: give mutation
 30075 | D:4      | Lost mutation: Your mind is acute. (Int +2) [Xom's mischief]
 30390 | D:3      | XOM: medium Necr miscast
 31001 | Lair:1   | XOM: stat loss: -1 Dex (17/18)
 31078 | Lair:1   | XOM: medium Pois miscast
 31581 | Lair:2   | Reached skill level 5 in Shields
 31891 | Lair:2   | Found a staircase to the Swamp.
 31987 | Lair:2   | Reached skill level 5 in Slings
 32281 | Lair:3   | XOM: give mutations
 32281 | Lair:3   | Lost mutation: You have a pair of small antennae on your head. [Xom's mischief]
 32281 | Lair:3   | Lost mutation: Your muscles are strong. (Str +2) [Xom's mischief]
 32281 | Lair:3   | Lost mutation: One of your tentacles bears a nasty spike. [Xom's mischief]
 32281 | Lair:3   | Lost mutation: Your spells are a little harder to cast, but a little more powerful. [Xom's mischief]
 32359 | Lair:3   | Found a staircase to the Snake Pit.
 32359 | Lair:3   | Noticed an eight-headed hydra
 32369 | Lair:3   | Slain by an eight-headed hydra

Vault maps used:
D:1:      dpeg_arrival_line_fractal
D:2:      lemuel_round_altar, lemuel_crystal_altar, ashenzari_altar_1,
          uniq_sigmund, uniq_terence
D:3:      fiery_altar_vehumet, first_bread
D:4:      cheibrodos_thug_alley, kennysheep_mini
D:5:      tgw_sif, uniq_eustachio
D:6:      old_standard_altar, gammafunk_temple_overflow_statue,
          minmay_temple_entry_hall, basic_altar, abandoned_shop
D:7:      lemuel_crystal_altar, minmay_stone_trees_small, minmay_fountain_box
D:8:      grunt_qazlal_clouds, kennysheep_generic_room_7
D:9:      old_standard_altar, old_standard_altar, david_orc_4, serial_undead,
          serial_undead_d, serial_undead_e, serial_undead_d, serial_undead_a,
          serial_shops, kennysheep_little_box, shop_fountains, shop, shop,
          nicolae_shop_trees, doesnt_xom_only_xom, uniq_psyche
D:10:     hangedman_little_slice_of_home, kennysheep_generic_room_3
D:11:     dpeg_lair_monsters, nicolae_underground_beach
D:12:     minmay_misc_feat_tiny
Temple:   nicolae_temple_figure_zero
Lair:1:   lab_entry_generic, guppyfry_lair_drakes, infiniplex_staircase_pool_2,
          grunt_megastairs_2
Lair:2:   nicolae_swamp_entry_splash_gauntlet, st_stairs_6
Lair:3:   beast_lair_carwin_large_1, guppyfry_snake_entry_island
Lab:      labyrinth_watery, labyrinth_skeletal_remains, nicolae_lab_diamond

Skill      XL: |  1  2  3  4  5  6  7  8  9 10 11 12 |
---------------+-------------------------------------+-----
Stealth        | 2 5 6 9 10 12 14 15 16 | 16.9
Fighting       | 4 5 7 9 10 | 10.0
Dodging        | 4 5 7 9 10 | 10.0
Evocations     | 6 |  6.7
Shields        | 6 |  6.0
Slings         | 5 |  5.2
Short Blades   | |  1.0

Action                   |  1- 3 |  4- 6 |  7- 9 | 10-12 || total
-------------------------+-------+-------+-------+-------++-------
Melee: Short sword       |    57 |    13 |    75 |       ||   145
       Constrict         |    14 |    13 |    39 |    63 ||   129
       Tentacles         |     8 |    13 |    40 |   104 ||   165
       Hand crossbow     |       |    26 |     9 |       ||    35
       Dagger            |       |       |   153 |   481 ||   634
       Kick              |       |       |    58 |   169 ||   227
 Fire: Hand crossbow     |       |    86 |     9 |       ||    95
       Hunting sling     |       |       |       |   248 ||   248
Invok: Call Merchant     |       |       |     2 |     1 ||     3
       Potion Petition   |       |       |       |     1 ||     1
 Abil: Blink             |       |       |       |     1 ||     1
Evoke: Wand              |       |     2 |    15 |    53 ||    70
       Lightning rod     |       |       |       |     3 ||     3
  Use: Scroll            |       |    10 |     1 |    20 ||    31
       Potion            |       |       |       |    16 ||    16
 Stab: Sleeping          |     4 |     2 |    17 |    26 ||    49
       Distracted        |       |       |     1 |       ||     1
       Paralysed         |       |       |     1 |       ||     1
       Confused          |       |       |     1 |       ||     1
       Invisible         |       |       |       |     5 ||     5
  Eat: Chunk             |       |     7 |     3 |       ||    10
       Royal jelly       |       |       |     9 |     5 ||    14
       Bread ration      |       |       |     7 |     3 ||    10
       Meat ration       |       |       |     2 |     1 ||     3
Armor: Skin              |     3 |     6 |    33 |   190 ||   232
Dodge: Dodged            |    42 |    53 |   203 |   415 ||   713
Block: Shield            |       |       |       |    91 ||    91
